AoeStats
← Don_Kowa

Black Forest

509698553Analyzed
2v2 RM · 4d ago on Sep 27, 2026· 49m 27s· 4 players
Game mode
Random Map
Map size
Medium (4 player)
Population
200
Speed
Normal
Resources
Standard
Victory
Conquest
Starting age
Dark Age
Ending age
Imperial Age
RankedLock teamsTeams togetherTeam positionsShared explorationLock speedFull tech treeHidden civsTurbo modeCheats
Victory
Defeat
🇹🇷 Huns · Türkiye
739
+10
🇹🇷 Britons · Türkiye
693
+11
🇦🇷 Maya · Argentina
638
-12
🇦🇷 Portuguese · Argentina
554
-9
AKANZİ
0:32 Loom
23:11 Feudal Age
26:40 Horse Collar
26:53 Stone Mining
26:54 Gold Mining
26:53 Double-Bit Axe
30:56 Castle Age
31:43 Scale Barding Armor
31:39 Scale Mail Armor
31:49 Forging
31:30 Fletching
31:40 Padded Archer Armor
35:39 Caravan
50:56 Imperial Age
49:02 Wheelbarrow
48:12 Town Watch
48:30 Heavy Plow
48:42 Bow Saw
49:12 Gold Shaft Mining
48:03 Pikeman
48:44 Squires
49:09 Arson
48:47 Man-at-Arms
49:29 Marauders
50:20 Chain Barding Armor
50:15 Chain Mail Armor
50:36 Iron Casting
49:56 Bodkin Arrow
50:17 Leather Archer Armor
oguzhannnkaradag
13:44 Feudal Age
15:04 Wheelbarrow
14:16 Double-Bit Axe
14:13 Horse Collar
14:25 Gold Mining
14:27 Stone Mining
15:02 Town Watch
20:30 Castle Age
21:27 Hand Cart
21:27 Bow Saw
21:21 Heavy Plow
22:00 Gold Shaft Mining
24:22 Town Patrol
26:07 Treadmill Crane
27:44 Caravan
32:00 Imperial Age
33:46 Two-Man Saw
33:44 Padded Archer Armor
34:34 Ballistics
34:15 Fletching
34:44 Leather Archer Armor
34:55 Bodkin Arrow
36:11 Chemistry
35:23 Fortified Wall
34:53 Elite Longbowman
36:13 Ring Archer Armor
35:45 Bracer
36:39 Yeomen
37:05 Conscription
38:31 Forging
37:43 Man-at-Arms
37:45 Pikeman
38:59 Scale Mail Armor
38:22 Halberdier
38:48 Gambesons
39:05 Squires
40:53 Chain Mail Armor
41:15 Iron Casting
40:03 Long Swordsman
40:29 Arson
41:11 Two-Handed Swordsman
43:45 Warwolf
44:23 Hoardings
44:36 Champion
48:16 Plate Mail Armor
48:48 Blast Furnace
federicoscherma
1:49 Loom
12:43 Feudal Age
13:35 Double-Bit Axe
20:29 Castle Age
21:01 Wheelbarrow
22:07 Bow Saw
23:58 Stone Mining
24:06 Horse Collar
27:13 Town Watch
29:44 Gold Mining
30:56 Scale Barding Armor
32:11 Husbandry
32:58 Caravan
35:06 Heavy Plow
35:10 Fletching
41:01 Imperial Age
38:00 Light Cavalry
38:51 Bloodlines
40:26 Ballistics
40:17 Fortified Wall
40:36 Chain Barding Armor
40:59 Treadmill Crane
41:11 Cavalier
41:22 Cavalier
44:54 Chemistry
44:34 Plate Barding Armor
Don_Kowa
0:28 Loom
15:36 Feudal Age
17:38 Double-Bit Axe
22:22 Castle Age
20:59 Wheelbarrow
22:07 Forging
22:09 Scale Mail Armor
26:39 Fletching
26:49 Padded Archer Armor
27:00 Padded Archer Armor
29:05 Chain Mail Armor
29:45 Pikeman
32:03 Hand Cart
35:03 Iron Casting
36:32 Squires
36:18 Arson
36:55 Fervor
43:33 Bodkin Arrow
45:40 Leather Archer Armor
47:16 Stone Mining
47:17 Gold Mining
47:10 Horse Collar
47:35 Hul'che Javelineers
47:04 Elite Skirmisher
48:17 Bow Saw
51:31 Imperial Age
Connection lost

Rejoining the realm…

Still unreachable

The connection could not be restored.

Session expired

The server has moved on; the page needs a fresh start.